AoeStats
← R1b7n12

Arabia

508474575Analyzed
1v1 RM · 9d ago on Sep 22, 2026· 19m 43s· 2 players
Game mode
Random Map
Map size
Tiny (2 player)
Population
200
Speed
Normal
Resources
Standard
Victory
Conquest
Starting age
Dark Age
Ending age
Imperial Age
RankedLock teamsTeams togetherTeam positionsShared explorationLock speedFull tech treeHidden civsTurbo modeCheats
Victory
Defeat
🇩🇪 Ethiopians · Germany
1018
+15
🇨🇭 Turks · Switzerland
987
-15
Juanito
12:09 Feudal Age
10:24 Loom
15:12 Double-Bit Axe
16:02 Gold Mining
22:08 Castle Age
R1b7n12
7:34 Loom
11:16 Feudal Age
11:45 Man-at-Arms
13:31 Horse Collar
13:50 Double-Bit Axe
16:12 Fletching
Connection lost

Rejoining the realm…

Still unreachable

The connection could not be restored.

Session expired

The server has moved on; the page needs a fresh start.